Map: Dusk Towers

Players

Miszu

  • Race: Terran Terran
  • League: Master

ImmortalPasT - Winner!

  • Race: Protoss Protoss
  • League: Master

VOD

Have the link to the VOD?

Description

Time

  • Played on: March 10, 2016, 5:14 p.m.
  • Length: 11:00
Show
View Real Time Build Order
Export as new Build Order

Miszu Terran 

Build Orders: Liberator Opening, MMM Bio 

Get SALT Encoding   

  12  0:00  SCV  
  13  0:12  SCV  
  14  0:17  Supply Depot  
  14  0:24  SCV  
  15  0:39  SCV  
  15  0:42  Barracks  
  16  0:45  Refinery  
  16  0:51  SCV  
  17  1:03  SCV  
  18  1:15  SCV  
  19  1:28  Orbital Command  
  19  1:29  Barracks Reactor  
  19  1:39  Command Center  
  19  1:51  Supply Depot  
  20  1:54  SCV  
  20  2:06  SCV  
  20  2:07  Marine x2  
  23  2:15  Factory  
  23  2:18  SCV  
  24  2:25  Marine x2  
  24  2:29  Refinery  
  26  2:32  SCV  
  27  2:43  Marine x2  
  29  2:44  SCV  
  30  2:56  Orbital Command  
  30  2:57  SCV  
  31  3:00  Starport, Factory Tech Lab  
  31  3:09  SCV  
  32  3:21  SCV  
  32  3:25  Liberator  
  33  3:28  SCV  
  33  3:30  Siege Tank  
  33  3:33  SCV  
  38  3:36  Supply Depot  
  38  3:40  SCV  
  39  3:45  SCV  
  43  3:48  Barracks  
  43  3:52  SCV  
  43  3:53  Barracks  
  44  3:57  SCV  
  44  4:00  Marine  
  46  4:04  SCV  
  46  4:08  Supply Depot  
  46  4:09  Siege Tank, SCV  
  51  4:16  SCV  
  52  4:21  SCV  
  52  4:22  Supply Depot  
  53  4:24  Engineering Bay  
  53  4:28  SCV  
  54  4:32  Starport Reactor  
  54  4:33  Refinery, SCV  
  55  4:39  Marine  
  55  4:40  Barracks Tech Lab x2, SCV  
  57  4:45  SCV  
  57  4:49  Siege Tank  
  57  4:51  Supply Depot, Marine  
  57  4:52  SCV  
  63  4:58  SCV  
  63  4:59  Marine x2  
  66  5:00  Marine  
  66  5:03  Stimpack  
  66  5:04  SCV  
  68  5:10  SCV  
  68  5:14  Supply Depot  
  69  5:16  SCV  
  69  5:18  Marine x2  
  69  5:19  Marine  
  69  5:20  Medivac  
  75  5:22  SCV  
  75  5:26  Marine  
  77  5:28  SCV  
  77  5:36  Marine x3  
  77  5:41  Supply Depot  
  80  5:44  Refinery, Marine  
  80  5:47  Siege Tank  
  80  5:48  Command Center, SCV  
  82  5:50  SCV  
  82  5:54  Marine x3  
  86  5:59  Combat Shields  
  86  6:03  Marine, SCV  
  88  6:04  Supply Depot  
  88  6:06  Supply Depot  
  88  6:07  SCV  
  87  6:12  Marine x2, Missile Turret  
  87  6:19  SCV  
  87  6:22  SCV  
  84  6:25  Missile Turret  
  84  6:31  SCV  
  67  6:40  SCV  
  67  6:43  SCV  
  67  6:52  SCV  
  68  6:55  SCV  
  69  7:01  Starport Tech Lab  
  69  7:04  SCV  
  69  7:07  Marine x3, SCV  
  74  7:10  Command Center  
  74  7:13  Barracks x2  
  74  7:17  Concussive Shells  
  74  7:18  SCV  
  74  7:23  SCV  
  74  7:24  Marine  
  74  7:25  Marine  
  77  7:30  Siege Tank  
  77  7:32  SCV  
  77  7:34  Raven, Missile Turret  
  77  7:35  Supply Depot, SCV  
  84  7:39  Marine  
  84  7:42  Marine  
  86  7:46  Marine  
  86  7:47  SCV  
  88  7:54  Terran Infantry Weapons Level 1  
  88  7:55  SCV  
  88  7:57  Marine  
  90  8:00  Marine  
  90  8:02  Barracks Reactor, Barracks Tech Lab  
  90  8:03  Siege Tank  
  90  8:04  Marine  
  95  8:08  SCV  
  96  8:14  Supply Depot  
  96  8:15  Marine, SCV  
  96  8:18  Marine  
  99  8:20  SCV  
  99  8:21  Marine  
  99  8:22  Marine  
  102  8:27  Supply Depot, SCV  
  102  8:28  Medivac  
  102  8:32  SCV  
  102  8:33  Marine, Orbital Command  
  107  8:36  Medivac  
  107  8:39  Marine x2, SCV  
  112  8:41  Marine  
  111  8:58  Missile Turret  
  107  9:05  Liberator  
  107  9:06  Marine x2  
  107  9:07  Marine x3  
  107  9:09  Marine  
  91  9:16  SCV x2  
  63  9:21  Orbital Command  
  63  9:24  Marine x2  
  63  9:30  Marine x4  
  66  9:36  SCV x2  
  68  9:42  Marine x2  
  70  9:47  SCV  
  70  9:48  Marine, SCV  
  73  9:56  SCV  
  71  10:00  SCV x2  
  61  10:20  Marine  
  59  10:21  Marine x4  
  59  10:23  Marine  
  70  10:38  Marine  
  70  10:39  Marine x3  
  70  10:41  Marine  
Show
View Real Time Build Order
Export as new Build Order

ImmortalPasT Protoss - Winner!

Build Orders: 1 Gate Expand, Dark Templar Rush 

Get SALT Encoding   

  12  0:01  Probe (Chrono Boost)  
  13  0:11  Probe (Chrono Boost)  
  14  0:17  Pylon  
  14  0:22  Probe (Chrono Boost)  
  15  0:35  Probe (Chrono Boost)  
  16  0:37  Gateway  
  16  0:43  Assimilator  
  16  0:47  Probe (Chrono Boost)  
  17  0:58  Probe (Chrono Boost)  
  18  1:08  Probe (Chrono Boost)  
  19  1:24  Nexus  
  19  1:31  Cybernetics Core  
  19  1:34  Probe (Chrono Boost)  
  20  1:43  Assimilator  
  20  1:44  Probe (Chrono Boost)  
  21  1:54  Pylon  
  21  1:55  Probe (Chrono Boost)  
  22  2:08  Warp Gate  
  22  2:09  Probe  
  22  2:12  Adept (Chrono Boost)  
  25  2:21  Probe  
  26  2:34  Robotics Facility, Probe  
  26  2:36  Probe (Chrono Boost)  
  29  2:44  Adept (Chrono Boost)  
  29  2:48  Pylon, Probe (Chrono Boost)  
  29  2:51  Probe (Chrono Boost)  
  31  2:59  Probe (Chrono Boost)  
  31  3:01  Pylon  
  31  3:02  Probe (Chrono Boost)  
  33  3:10  Twilight Council  
  34  3:13  Probe (Chrono Boost)  
  34  3:16  Probe (Chrono Boost)  
  35  3:23  Mothership Core (Chrono Boost)  
  38  3:29  Warp Prism  
  38  3:33  Probe (Chrono Boost)  
  40  3:42  Probe (Chrono Boost)  
  40  3:43  Probe (Chrono Boost)  
  40  3:46  Dark Shrine  
  42  3:52  Pylon, Probe (Chrono Boost)  
  42  3:54  Probe (Chrono Boost)  
  44  4:03  Gateway, Probe (Chrono Boost)  
  44  4:05  Observer  
  44  4:07  Gateway  
  44  4:09  Probe (Chrono Boost)  
  47  4:12  Adept  
  47  4:15  Probe (Chrono Boost)  
  50  4:18  Resonating Glaives  
  50  4:22  Probe (Chrono Boost)  
  51  4:24  Assimilator  
  51  4:28  Observer  
  51  4:29  Probe (Chrono Boost)  
  53  4:33  Probe (Chrono Boost)  
  53  4:35  Pylon  
  53  4:36  Assimilator  
  54  4:39  Probe (Chrono Boost)  
  55  4:51  Pylon  
  55  4:58  Nexus  
  55  5:03  Stalker x2  
  59  5:14  Stalker  
  59  5:28  Stalker x2  
  57  5:32  Probe (Chrono Boost)  
  58  5:43  Dark Templar  
  60  5:51  Dark Templar  
  60  5:52  Dark Templar  
  60  5:53  Probe (Chrono Boost)  
  60  5:54  Probe (Chrono Boost)  
  66  6:00  Pylon  
  66  6:06  Probe (Chrono Boost)  
  66  6:09  Probe (Chrono Boost)  
  69  6:11  Probe (Chrono Boost)  
  69  6:17  Probe (Chrono Boost)  
  70  6:21  Probe (Chrono Boost)  
  71  6:27  Dark Templar x3, Probe (Chrono Boost)  
  71  6:30  Probe (Chrono Boost)  
  79  6:39  Immortal  
  79  6:40  Probe (Chrono Boost)  
  79  6:43  Probe (Chrono Boost)  
  79  6:46  Probe (Chrono Boost)  
  82  6:48  Gateway  
  82  6:49  Gateway  
  82  6:51  Probe (Chrono Boost)  
  82  6:53  Probe (Chrono Boost)  
  84  6:57  Probe (Chrono Boost)  
  83  7:03  Probe (Chrono Boost)  
  83  7:05  Gateway  
  83  7:07  Gateway  
  78  7:10  Gateway  
  78  7:13  Gateway, Blink (Chrono Boost)  
  78  7:19  Adept x2  
  78  7:20  Adept  
  84  7:23  Pylon  
  84  7:26  Immortal (Chrono Boost)  
  84  7:29  Probe (Chrono Boost)  
  87  7:40  Dark Templar x2  
  87  7:42  Probe (Chrono Boost)  
  87  7:43  Probe (Chrono Boost)  
  93  7:45  Gateway  
  93  7:49  Adept x3  
  99  8:01  Assimilator  
  99  8:02  Immortal (Chrono Boost)  
  99  8:07  Assimilator  
  99  8:09  Adept x4  
  111  8:14  Stalker  
  111  8:17  Pylon  
  113  8:21  Pylon  
  113  8:25  Stalker x2  
  117  8:31  Pylon  
  117  8:33  Pylon  
  117  8:36  Dark Templar x2  
  120  8:42  Adept, Archon  
  120  8:43  Adept x2  
  126  8:51  Adept x3  
  128  9:06  Adept x3  
  108  9:11  Probe  
  99  9:17  Adept x5  
  99  9:18  Warp Prism  
  105  9:33  Adept x5  
  113  9:44  Adept x3  
  113  9:45  Adept x2  
  123  9:48  Templar Archives  
  123  10:25  Stalker x5  
  123  10:26  Stalker x5  
  141  10:56  Adept x3  
  141  10:57  Adept x7  
Tags
 
Add a new tag
Caveats
  • Supply blocks, unpowered buildings, or Contaminate may cause inaccurate times.
  • Supply counts are checked every 10 seconds.